 Dungeon Crawl Stone Soup version 0.29-a0-275-g389c0b56f3 (webtiles) character file.

Game seed: 16497129336203825525

455 testman the Fighter (level 7, 0/63 HPs)
             Began as a Gnoll Wanderer on Mar 10, 2022.
             Was a Follower of Okawaru.
             Succumbed to a scorpion's poison
             ... on level 3 of the Dungeon.
             The game lasted 00:24:43 (4179 turns).

testman the Fighter (Gnoll Wanderer)                Turns: 4179, Time: 00:24:44

Health: 0/63       AC:  3    Str: 14    XL:     7   Next: 5%
Magic:  17/18      EV: 12    Int: 13    God:    Okawaru [*.....]
Gold:   109        SH:  0    Dex:  9    Spells: 19/21 levels left

rFire   . . .      SeeInvis .   a - +1 spear (spect)
rCold   . . .      Faith    .   (no shield)
rNeg    . . .      Spirit   .   j - +0 robe {Will+}
rPois   .          Reflect  .   n - +0 helmet
rElec   .          Harm     .   (no cloak)
rCorr   .          Rampage  .   (no gloves)
Will    +....                   (no boots)
Stlth   ++........              (no amulet)
HPRegen 0.20/turn               (no ring)
MPRegen 0.16/turn               (no ring)

@: lethally poisoned (0 -> -4), about to teleport
A: fangs 1, strong nose, distributed training, hooves 1, MP-powered wands
a: Renounce Religion, Heroism


You were on level 3 of the Dungeon.
You worshipped Okawaru.
Okawaru was aware of your devotion.
You visited 1 branch of the dungeon, and saw 4 of its levels.

You collected 208 gold pieces.
You spent 99 gold pieces at shops.

Inventory:

Hand Weapons
 a - a +1 spectral spear (weapon)
Missiles
 c - 91 stones (quivered)
 i - 4 javelins
Armour
 d - a +0 leather armour
 j - a +0 robe of willpower (worn)
 n - a +0 helmet (worn)
Magical Staves
 o - a staff of poison
Wands
 q - a wand of paralysis (7)
Scrolls
 b - 3 scrolls of fog
 g - 5 scrolls of teleportation
 l - 5 scrolls of identify {unknown}
Potions
 h - a potion of flight


   Skills:
 + Level 8.8 Fighting
 + Level 2.2 Short Blades
 + Level 2.2 Long Blades
 + Level 2.2 Axes
 + Level 2.2 Maces & Flails
 + Level 3.4 Polearms
 + Level 2.2 Staves
 + Level 2.2 Slings
 + Level 2.2 Bows
 + Level 2.2 Crossbows
 + Level 3.4 Throwing
 + Level 2.2 Armour
 + Level 2.2 Dodging
 + Level 2.2 Stealth
 + Level 2.2 Shields
 + Level 2.2 Unarmed Combat
 + Level 7.5 Spellcasting
 + Level 1.8 Conjurations
 + Level 1.8 Hexes
 + Level 1.8 Summonings
 + Level 1.8 Necromancy
 + Level 1.8 Translocations
 + Level 1.8 Transmutations
 + Level 1.8 Fire Magic
 + Level 1.8 Ice Magic
 + Level 1.8 Air Magic
 + Level 1.8 Earth Magic
 + Level 1.8 Poison Magic
 + Level 2.5 Invocations
 + Level 2.2 Evocations


You had 19 spell levels left.
You knew the following spells:

 Your Spells              Type           Power      Damage    Failure   Level
a - Foxfire               Conj/Fire      36%        2x1d5     7%          1
b - Sandblast             Erth           18%        2d7       7%          1

Your spell library contained the following spells:

 Spells                   Type           Power      Damage    Failure   Level
 Beastly Appendage        Tmut           18%        N/A       7%          1
 Magic Dart               Conj           36%        1d4       7%          1
 Pain                     Necr           36%        1d5       7%          1
 Sting                    Tmut/Pois      36%        1d4       7%          1
 Lesser Beckoning         Tloc           9%         N/A       21%         3


Dungeon Overview and Level Annotations

Branches:
Dungeon (4/15)
 Temple: D:4-7

Altars:
Makhleb
Okawaru
The Shining One

Shops:
D:2 *


Innate Abilities, Weirdness & Mutations

You have very sharp teeth.
Your uncanny sense of smell can sniff out nearby items.
Your experience applies equally to all skills.
You have large cloven feet.
You expend magic power (3 MP) to strengthen your wands.


Message History

c - 91 stones You feel very sick.
The scorpion barely misses you.
It was a potion of mutation.
You feel extremely strange.
Your feet thicken and deform.
You feel your magical essence link to the dungeon's wands.
* * * LOW HITPOINT WARNING * * *
You feel very sick. The scorpion stings you!
* * * LOW HITPOINT WARNING * * *
It was a potion of cancellation.
You feel magically purged.
* * * LOW HITPOINT WARNING * * *
You feel very sick. The scorpion completely misses you.
Okay, then.
As you read the scroll labelled VIABLE NASCH, it crumbles to dust.
It is a scroll of brand weapon.
Your +1 spear acquires a faint afterimage.
a - a +1 spectral spear (weapon)
* * * LOW HITPOINT WARNING * * *
You feel sick. The scorpion misses you.
You closely miss the scorpion. Your kick misses the scorpion.
The scorpion is severely wounded.
Your +1 spectral spear hits the scorpion from afar!
You kill the scorpion!
Okawaru accepts your kill.
* * * LOW HITPOINT WARNING * * *
You feel sick.
You have reached level 7!
There is a lethal amount of poison in your body!
Okay, then.
Okay, then.
As you read the scroll labelled CADGHETH YMOIR, it crumbles to dust.
You feel strangely unstable.
It was a scroll of teleportation.
* * * LOW HITPOINT WARNING * * *
You feel sick.
As you read the scroll labelled HACLOA MUBOXTO, it crumbles to dust.
You assume a fearsome visage.
Nothing appears to happen.
It was a scroll of fear.
You die...

....................# ###§...## #
....................## ####<..###
)......†)............# #.).......
.....................###.≈≈≈≈≈≈≈≈
.........................≈.).....
........#.#.....#........§.≈≈≈≈≈.
##......#.#...§.##.#.....≈.≈...≈.
##.###.##.#.###......#.#.≈..._.≈.
........#.#.....@........≈.≈...≈.
##.######.##....##.#####.≈.≈≈≈≈≈.
##.....#...####.##.# #...≈.......
.......#.#.#.....#.###...≈≈≈.≈≈≈≈
########.#.##..#...##............
#..#..##........#####.#####
##.###.##........### #.#
###..#.#..###........# #.#
####...##.##...####.....# #.#


There were no monsters in sight!

Vanquished Creatures
  An ice beast (D:3)
  A scorpion (D:3)
  A hound (D:4)
  2 orc wizards (D:4)
  8 gnolls
  3 adders
  A worm (D:2)
  2 dart slugs
  7 orcs
  12 ball pythons
  8 endoplasms
  5 giant cockroaches
  5 goblins (D:1)
  13 hobgoblins
  10 jackals
  3 quokkas
  A bat (D:3)
  5 frilled lizards
  12 kobolds
  5 rats
105 creatures vanquished.

Vanquished Creatures (others)
  156 foxfires
156 creatures vanquished.

Grand Total: 261 creatures vanquished

Notes
Turn   | Place    | Note
-------+----------+-------------------------------------------
     0 | D:1      | testman the Gnoll Wanderer began the quest for the Orb.
     0 | D:1      | testman set off with the following items: a +1 spear, a
                  | scroll of fog, 32 stones, a +0 leather armour; and the
                  | following spells available to memorise: Beastly Appendage,
                  | Foxfire, Sandblast, Lesser Beckoning
     0 | D:1      | Reached XP level 1. HP: 26/26 MP: 8/8
     2 | D:1      | Learned a level 1 spell: Foxfire
     4 | D:1      | Learned a level 1 spell: Sandblast
   131 | D:1      | Reached XP level 2. HP: 33/33 MP: 8/10
   252 | D:1      | Reached XP level 3. HP: 36/38 MP: 7/11
   651 | D:1      | Reached skill level 1 in Invocations
   827 | D:2      | Reached skill level 1 in Short Blades
   827 | D:2      | Reached skill level 1 in Long Blades
   827 | D:2      | Reached skill level 1 in Axes
   827 | D:2      | Reached skill level 1 in Maces & Flails
   827 | D:2      | Reached skill level 1 in Staves
   827 | D:2      | Reached skill level 1 in Slings
   827 | D:2      | Reached skill level 1 in Bows
   827 | D:2      | Reached skill level 1 in Crossbows
   827 | D:2      | Reached skill level 1 in Armour
   827 | D:2      | Reached skill level 1 in Dodging
   827 | D:2      | Reached skill level 1 in Stealth
   827 | D:2      | Reached skill level 1 in Shields
   827 | D:2      | Reached skill level 1 in Unarmed Combat
   827 | D:2      | Reached skill level 1 in Evocations
   967 | D:2      | Reached XP level 4. HP: 42/45 MP: 11/13
  1185 | D:2      | Found Viesucw's Assorted Antiques.
  1189 | D:2      | Bought a helmet for 99 gold pieces
  1366 | D:3      | Found an iron altar of Okawaru.
  1405 | D:3      | Became a worshipper of Warmaster Okawaru
  1459 | D:3      | Found a burning altar of Makhleb.
  1460 | D:3      | Noticed an ice beast
  1510 | D:3      | Killed an ice beast
  1511 | D:3      | Reached skill level 1 in Conjurations
  1511 | D:3      | Reached skill level 1 in Hexes
  1511 | D:3      | Reached skill level 1 in Summonings
  1511 | D:3      | Reached skill level 1 in Necromancy
  1511 | D:3      | Reached skill level 1 in Translocations
  1511 | D:3      | Reached skill level 1 in Transmutations
  1511 | D:3      | Reached skill level 1 in Fire Magic
  1511 | D:3      | Reached skill level 1 in Ice Magic
  1511 | D:3      | Reached skill level 1 in Air Magic
  1511 | D:3      | Reached skill level 1 in Earth Magic
  1511 | D:3      | Reached skill level 1 in Poison Magic
  1511 | D:3      | Reached XP level 5. HP: 13/51 MP: 9/14
  2484 | D:3      | Found a glowing golden altar of the Shining One.
  2566 | D:3      | Reached XP level 6. HP: 52/57 MP: 16/16
  2631 | D:3      | Got Magic, Part One
  2791 | D:4      | Reached * piety under Okawaru
  4174 | D:3      | Gained mutation: You have large cloven feet. [potion of
                  | mutation]
  4174 | D:3      | Gained mutation: You expend magic power (3 MP) to
                  | strengthen your wands. [potion of mutation]
  4178 | D:3      | Reached XP level 7. HP: 3/63 MP: 16/18
  4178 | D:3      | HP: 1/63 [poisoned by a scorpion]
  4179 | D:3      | Succumbed to a scorpion's poison

Illustrated notes

Levels and vault maps discovered:
D:1:      wheals_arrival_shading, layout_rooms, minmay_cut_off
D:2:      layout_rooms, serial_shops, shop, kennysheep_generic_room_14
D:3:      minmay_general_purpose_star, layout_rooms, old_standard_altar,
          mainiacjoe_overflow_concentric_impassable, mainiacjoe_overflow_paths
D:4:      layout_loops_corners, nemelex_diamond_rough_becter, serial_rivers,
          chequers_serial_rivers_large_b, chequers_serial_rivers_marsh,
          chequers_serial_rivers_large_a, chequers_serial_rivers_micro_c,
          grunt_decor_resistance

Skill      XL: |  1  2  3  4  5  6 |
---------------+-------------------+-----
Invocations    | 1 2 |  2.5
Short Blades   | 1 2 |  2.2
Long Blades    | 1 2 |  2.2
Axes           | 1 2 |  2.2
Maces & Flails | 1 2 |  2.2
Staves         | 1 2 |  2.2
Slings         | 1 2 |  2.2
Bows           | 1 2 |  2.2
Crossbows      | 1 2 |  2.2
Armour         | 1 2 |  2.2
Dodging        | 1 2 |  2.2
Stealth        | 1 2 |  2.2
Shields        | 1 2 |  2.2
Unarmed Combat | 1 2 |  2.2
Evocations     | 1 2 |  2.2
Polearms       | 3 |  3.4
Throwing       | 3 |  3.4
Conjurations   | 1 |  1.8
Hexes          | 1 |  1.8
Summonings     | 1 |  1.8
Necromancy     | 1 |  1.8
Translocations | 1 |  1.8
Transmutations | 1 |  1.8
Fire Magic     | 1 |  1.8
Ice Magic      | 1 |  1.8
Air Magic      | 1 |  1.8
Earth Magic    | 1 |  1.8
Poison Magic   | 1 |  1.8
Fighting       | |  8.8
Spellcasting   | |  7.5

Action                   |  1- 3 |  4- 6 |  7- 9 || total
-------------------------+-------+-------+-------++-------
Melee: Spear             |    88 |   161 |       ||   249
       Bite              |     5 |    16 |       ||    21
 Cast: Foxfire           |    26 |    63 |       ||    89
       Sandblast         |     1 |    29 |       ||    30
Invok: Heroism           |       |     1 |       ||     1
  Use: Potion            |       |     5 |       ||     5
       Scroll            |       |     1 |     2 ||     3
 Stab: Sleeping          |     1 |     2 |       ||     3
Armor: Leather armour    |     6 |       |       ||     6
       Robe              |     2 |    29 |       ||    31
Dodge: Dodged            |    22 |    92 |       ||   114

Table legend: (Time is in decaauts)
 A = Elapsed time spent in this place.
 B = Non-inter-level travel time spent in this place.
 C = Inter-level travel time spent in this place.
 D = Time resting spent in this place.
 E = Time spent auto-exploring this place.
 F = Levels seen in this place.
 G = Mean time per level.
                   A        B        C        D        E       F      G
               +--------+--------+--------+--------+--------+-----+--------+
         Total |   4174 |   4085 |     89 |   1302 |   1957 |   4 | 1043.5 |
       Dungeon |   4174 |   4085 |     89 |   1302 |   1957 |   4 | 1043.5 |
               +--------+--------+--------+--------+--------+-----+--------+

Top non-repeatable levels by time:
     D:3: 1655 daAuts
     D:4: 919 daAuts
     D:2: 848 daAuts
     D:1: 752 daAuts
